 Dungeon Crawl Stone Soup version 0.22.0-60-ga52c2fc (webtiles) character file.

3012 shmeve the Chopper (level 9, -7/96 HPs)
             Began as an Octopode Berserker on Sept 10, 2018.
             Was a High Priest of Trog.
             Mangled by a wight
             ... wielding a +2 long sword
              (11 damage)
             ... on level 7 of the Dungeon.
             The game lasted 00:16:17 (7153 turns).

shmeve the Chopper (Octopode Berserker)             Turns: 7153, Time: 00:16:18

Health: -7/96      AC:  1    Str: 28    XL:     9   Next: 84%
Magic:  9/9        EV: 18    Int:  9    God:    Trog [*****.]
Gold:   387        SH:  0    Dex: 11    Spells: 8/8 levels left

rFire    . . .     SeeInvis .   E - +0 battleaxe
rCold    . . .     Gourm    .   (shield currently unavailable)
rNeg     . . .     Faith    .   (helmet restricted)
rPois    .         Spirit   .   D - amulet of regeneration
rElec    .         Reflect  .   e - ring of resist corrosion
rCorr    +         Harm     .   o - +3 ring of evasion
MR       .....                  i - ring of flight
Stlth    ..........             x - +3 ring of strength
HPRegen  0.66/turn              (no ring)
MPRegen  0.11/turn              (no ring)
                                (no ring)
                                (no ring)

@: berserking (expiring), heavily drained, very quick
A: almost no armour, stealthy swim, amphibious, 8 rings, constrict 8, camouflage
1, gelatinous body 1
a: Berserk, Trog's Hand, Brothers in Arms, Renounce Religion, Evoke Flight


You were on level 7 of the Dungeon.
You worshipped Trog.
Trog was extremely pleased with you.
You were hungry.

You visited 1 branch of the dungeon, and saw 7 of its levels.
You also visited: Ossuary.

You collected 387 gold pieces.

Inventory:

Hand Weapons
 r - a +2 hand axe of electrocution
 E - a +0 battleaxe (weapon)
Missiles
 y - 2 tomahawks (quivered)
 B - a throwing net
Jewellery
 e - a ring of resist corrosion (left tentacle)
 i - a ring of flight (on tentacle)
 o - a +3 ring of evasion (right tentacle)
 x - a +3 ring of strength (on tentacle)
 D - an amulet of regeneration (around mantle)
Wands
 z - a wand of flame (45)
 G - a wand of iceblast (7)
 H - a wand of polymorph (15)
 I - a wand of random effects (29)
Scrolls
 a - 3 scrolls of teleportation
 c - 3 scrolls of enchant armour {unknown}
 d - 5 scrolls of remove curse
 g - a scroll of fog {unknown}
 j - 10 scrolls of identify {unknown}
 n - 5 scrolls of noise {unknown}
 p - 3 scrolls of blinking {unknown}
 q - 2 scrolls of enchant weapon {unknown}
 u - 4 scrolls of immolation {unknown}
 v - 5 scrolls of random uselessness {unknown}
 C - a scroll of amnesia {unknown}
Potions
 f - 2 potions of berserk rage {unknown}
 h - 4 potions of mutation {unknown}
 k - 5 potions of curing {unknown}
 m - a potion of agility {unknown}
 s - 6 potions of degeneration {unknown}
 t - 3 potions of haste {unknown}
 w - 2 potions of lignification {unknown}
 A - 2 potions of resistance {unknown}
 F - a potion of magic {unknown}
Comestibles
 b - 18 rations


   Skills:
 * Level 7.4(6.0) Fighting
 * Level 7.4(6.0) Axes
 + Level 4.3(2.9) Throwing
 * Level 7.3(5.9) Dodging
 + Level 6.4(5.0) Stealth


You had 8 spell levels left.
You didn't know any spells.
Your spell library was empty.

Dungeon Overview and Level Annotations

Branches:
Dungeon (7/15)             Temple (0/1) D:4

Altars:
Okawaru
Qazlal
Trog
Vehumet
The Shining One

Shops:
D:7 [


Innate Abilities, Weirdness & Mutations

You cannot wear most types of armour.
You are very stealthy in the water. (Stealth+)
You are amphibious.
You can wear up to eight rings at the same time.
You can use your tentacles to constrict eight enemies at once.
Your skin changes colour to match your surroundings (Stealth+).
Your rubbery body absorbs attacks. (AC +1, EV +1)


Message History

You slash the wight! Your grab misses the wight. You squeeze the wight.
You destroy the wight!
Trog accepts your kill.
You slash the wight!
You destroy the wight!
Trog accepts your kill.
You slash the wight! You closely miss the wight. The wight closely misses you.
The wight hits you with an enchanted long sword!
* * * LOW HITPOINT WARNING * * *
You feel drained.
* * * LOW HITPOINT WARNING * * *
You slash the wight!
You destroy the wight!
Trog accepts your kill.
You hit the wight.
Things that are here:
an enchanted war axe; a robe You feel a strong urge to attack something.
The wight hits you with an enchanted long sword!
You die...

#.#.##...#.####.#
##.#.##..........#
##..#.##........###
#####.###.#........##
#.....'∩'..........#
#.....##################
......(###### #.......#
............####.).....#
(.....#####.....@z.....#
#.........######.).....#
#########.. ........#
##.......# #.......#
#.......# #########


You could see a wight.

Vanquished Creatures
  3 black bears (D:7)
  An ice beast (D:6)
  4 centaurs
  3 bullfrogs
  A wyvern zombie (D:6)
  4 scorpions
  A howler monkey (D:5)
  8 wights
  2 bullfrog zombies
  5 crimson imps
  A bullfrog skeleton (D:5)
  4 hounds
  3 centaur zombies
  2 jellies
  2 orc priests
  A human zombie (Ossuary)
  6 orc wizards
  Jessica (D:3)
  2 centaur skeletons
  2 iguanas
  5 worker ants
  2 hound zombies
  2 hound skeletons
  5 mummies (Ossuary)
  A howler monkey zombie (D:5)
  7 gnolls (D:5)
  5 adders
  A howler monkey skeleton (D:7)
  2 shadow imps
  3 oozes
  An adder zombie (D:5)
  An adder skeleton (D:6)
  5 worms
  6 dart slugs
  8 leopard geckos
  31 orcs
  2 bats (D:3)
  4 giant cockroaches
  6 goblins
  8 hobgoblins
  21 jackals
  14 kobolds
  2 quokkas
  A ball python (D:3)
  A ball python skeleton (D:4)
  6 frilled lizards
  5 hobgoblin zombies (Ossuary)
  A leopard gecko skeleton (D:5)
  An orc zombie (Ossuary)
  A quokka skeleton (D:5)
  8 rats
222 creatures vanquished.

Notes
Turn   | Place    | Note
-------+----------+-------------------------------------------
     0 | D:1      | shmeve the Octopode Berserker began the quest for the Orb.
     0 | D:1      | Reached XP level 1. HP: 16/16 MP: 1/1
    58 | D:1      | Reached XP level 2. HP: 10/21 MP: 2/2
   431 | D:1      | Reached XP level 3. HP: 26/26 MP: 3/3
   528 | D:1      | Reached skill level 1 in Stealth
  1275 | D:2      | Reached ** piety under Trog
  1417 | D:2      | Reached XP level 4. HP: 31/31 MP: 4/4
  2228 | D:3      | Noticed Jessica
  2232 | D:3      | Killed Jessica
  2232 | D:3      | Reached skill level 1 in Throwing
  2232 | D:3      | Reached XP level 5. HP: 34/37 MP: 5/5
  2413 | D:3      | Found a glowing golden altar of the Shining One.
  2671 | D:3      | Reached *** piety under Trog
  2885 | D:3      | Reached XP level 6. HP: 35/43 MP: 6/6
  3354 | D:4      | Found a sand-covered staircase.
  3365 | Ossuary  | Entered an ossuary
  3462 | Ossuary  | Reached XP level 7. HP: 41/49 MP: 7/7
  3714 | D:4      | Found a staircase to the Ecumenical Temple.
  3845 | D:4      | Reached skill level 5 in Fighting
  4126 | D:4      | Reached skill level 5 in Axes
  4347 | D:5      | Entered Level 5 of the Dungeon
  4362 | D:5      | Reached **** piety under Trog
  4362 | D:5      | Reached skill level 5 in Dodging
  4612 | D:5      | Reached XP level 8. HP: 55/55 MP: 8/8
  5730 | D:5      | Reached skill level 5 in Stealth
  5943 | D:6      | Reached XP level 9. HP: 59/63 MP: 9/9
  6357 | D:6      | Reached ***** piety under Trog
  6400 | D:6      | Found an iron altar of Okawaru.
  6400 | D:6      | Found a radiant altar of Vehumet.
  6400 | D:6      | Found a stormy altar of Qazlal.
  6848 | D:7      | Found a bloodstained altar of Trog.
  7012 | D:7      | Found Runymaqo's Armour Shop.
  7150 | D:7      | HP: 2/96 [wight/enchanted long sword (4)]
  7153 | D:7      | Mangled by a wight

Skill      XL: |  1  2  3  4  5  6  7  8  9 |
---------------+----------------------------+-----
Stealth        | 1 2 3 4 5 6 |  6.4
Throwing       | 1 2 3 4 |  4.3
Fighting       | 4 5 6 7 |  7.4
Axes           | 4 5 6 7 |  7.4
Dodging        | 4 5 6 7 |  7.3

Action                   |  1- 3 |  4- 6 |  7- 9 || total
-------------------------+-------+-------+-------++-------
Melee: Hand axe          |    66 |   112 |   143 ||   321
       Constrict         |    19 |    30 |    51 ||   100
       Tentacles         |    12 |    18 |    60 ||    90
       Battleaxe         |       |       |    74 ||    74
Throw: Tomahawk          |     2 |    20 |    14 ||    36
Invok: Berserk           |     1 |     3 |     4 ||     8
       Trog's Hand       |       |     1 |       ||     1
  Use: Scroll            |     2 |     1 |       ||     3
 Stab: Sleeping          |     4 |     2 |    16 ||    22
       Distracted        |       |       |     2 ||     2
  Eat: Chunk             |     3 |     9 |    12 ||    24
       Ration            |       |       |     1 ||     1
Armor: Skin              |     2 |     4 |     6 ||    12
Dodge: Dodged            |    58 |    93 |   178 ||   329
